 Dungeon Crawl Stone Soup version 0.28-a0-1235-g7c8fac35f0 (webtiles) character file.

Game seed: 8078937385669676014

24 ragingrage the Caller (level 2, 0/11 HPs)
             Began as a Felid Summoner on Dec 25, 2021.
             Frozen to death by an endoplasm (4 damage)
             ... on level 1 of the Dungeon.
             The game lasted 00:01:17 (945 turns).

ragingrage the Caller (Felid Summoner)               Turns: 945, Time: 00:01:17

Health: 0/11       AC:  1    Str:  4    XL:     2   Next: 79%
Magic:  4/6        EV: 17    Int: 16    God:
Gold:   16         SH:  0    Dex: 16    Spells: 3/6 levels left
                                        Lives:  0   Deaths: 0

rFire   . . .      SeeInvis +   (weapon unavailable)
rCold   . . .      Faith    .   (shield unavailable)
rNeg    . . .      Spirit   .   (armour unavailable)
rPois   .          Reflect  .   (helmet unavailable)
rElec   .          Harm     .   (cloak unavailable)
rCorr   .          Rampage  .   (gloves unavailable)
Will    .....                   (boots unavailable)
Stlth   ++........              (no amulet)
HPRegen 0.03/turn               (no ring)
MPRegen 0.10/turn               (no ring)

@: quick
A: very small, claws 1, fangs 3, see invisible, speed 1, shaggy fur 1, stealthy
paws, no weapons or thrown items, no armour, multi-lived
a: no special abilities


You were on level 1 of the Dungeon.
You visited 1 branch of the dungeon, and saw 1 of its levels.

You collected 16 gold pieces.

Inventory:

Scrolls
 e - a scroll of enchant armour {unknown}
Potions
 a - 2 potions of curing {unknown}
 b - a potion of ambrosia {unknown}
 c - a potion of mutation {unknown}
 d - a potion of heal wounds {unknown}


   Skills:
 - Level 2.6 Dodging
 - Level 2.6 Stealth
 + Level 2.6 Spellcasting
 + Level 4.4 Summonings


You had 3 spell levels left.
You knew the following spells:

 Your Spells              Type           Power      Damage    Failure   Level
a - Summon Small Mammal   Summ           64%        N/A       3%          1
b - Call Imp              Summ           16%        N/A       4%          2

Your spell library contained the following spells:

 Spells                   Type           Power      Damage    Failure   Level
 Call Canine Familiar     Summ           16%        N/A       10%         3
 Summon Guardian Golem    Hex/Summ       9%         N/A       24%         3
 Summon Lightning Spire   Summ/Air       9%         N/A       61%         4


Dungeon Overview and Level Annotations

Branches:
Dungeon (1/15)

Altars:


Innate Abilities, Weirdness & Mutations

You have sharp claws.
You have razor-sharp teeth.
You have supernaturally acute eyesight. (SInv)
You cover ground quickly. (Speed+)
You are covered in fur. (AC +1)
Your paws help you pounce on unaware monsters.
You are incapable of wielding weapons or throwing items.
You cannot wear armour.
You gain extra lives every three experience levels.


Message History

Your white imp disappears in a puff of smoke!
You start resting.
HP restored.
You start waiting.
An endoplasm comes into view.
An endoplasm is nearby!
An endoplasm is nearby!
An endoplasm is nearby!
Casting: Call Imp (safe; 4% risk of failure)
Confirm with . or Enter, or press ? or * to list all spells.
A beastly little devil appears in a puff of flame.
The endoplasm quivers.
What are your orders? t - Meow!
Orders for allies: a - Attack new target. r - Retreat! s - Stop attacking. g - Guard the area. f - Follow me.
Anything else - Cancel.
Gang up on whom?
Press: ? - help, Dir - move target, f - endoplasm
Aim: an endoplasm (ally target) Attack!
The endoplasm freezes you.
You are frozen.
You scratch the endoplasm but do no damage.
The endoplasm completely misses you.
You scratch the endoplasm.
You bite the endoplasm, but do no damage.
The endoplasm is heavily wounded.
The endoplasm hits you.
You scratch the endoplasm.
The endoplasm is severely wounded.
The endoplasm freezes you.
You are frozen.
Your crimson imp blinks!
You scratch the endoplasm but do no damage.
The endoplasm is severely wounded.
The endoplasm freezes you.
You are frozen.
You die...

#.... #..#####
#####..##..##
###...........##
#....###...#...##
#....'....##....#
###....###)##.##..#
..'........#.##..##
.##....##..###..@#
.##....##.......÷J....#
.##....##.###.........#
.##....##. ##.######...
.##....##. 5. ##
.##....### ### ....####
....# ....#


You could see an endoplasm (ally target) and a friendly crimson imp (summoned).

Vanquished Creatures
  2 dart slugs (D:1)
  2 bats (D:1)
  A frilled lizard (D:1)
  A rat (D:1)
6 creatures vanquished.

Vanquished Creatures (collateral kills)
  A dart slug (D:1)
  2 ball pythons (D:1)
  2 bats (D:1)
  2 endoplasms (D:1)
  2 goblins (D:1)
  A hobgoblin (D:1)
  A kobold (D:1)
11 creatures vanquished.

Grand Total: 17 creatures vanquished

Notes
Turn   | Place    | Note
-------+----------+-------------------------------------------
     0 | D:1      | ragingrage the Felid Summoner began the quest for the Orb.
     0 | D:1      | Reached XP level 1. HP: 7/7 MP: 4/4
   148 | D:1      | Reached XP level 2. HP: 11/11 MP: 4/6
   512 | D:1      | Learned a level 2 spell: Call Imp
   945 | D:1      | Frozen to death by an endoplasm

Illustrated notes

Levels and vault maps discovered:
D:1:      dpeg_arrival_court, layout_basic,
          hellmonk_ecumenical_altar_crossroads, minmay_cupped

Action                   || total
-------------------------++-------
Melee: Unarmed           ||    20
       Bite              ||     1
 Cast: Summon Small Mamm ||    20
       Call Imp          ||     3
Dodge: Dodged            ||    18

Table legend: (Time is in decaauts)
 A = Elapsed time spent in this place.
 B = Non-inter-level travel time spent in this place.
 C = Inter-level travel time spent in this place.
 D = Time resting spent in this place.
 E = Time spent auto-exploring this place.
 F = Levels seen in this place.
 G = Mean time per level.
                   A        B        C        D        E       F      G
               +--------+--------+--------+--------+--------+-----+--------+
         Total |    902 |    902 |      0 |    340 |    382 |   1 |  902.0 |
       Dungeon |    902 |    902 |      0 |    340 |    382 |   1 |  902.0 |
               +--------+--------+--------+--------+--------+-----+--------+

Top non-repeatable levels by time:
     D:1: 902 daAuts
